[Event "Early Titled Tuesday Blitz | February 8 2022"]
[White "Sargsyan, Anna M."]
[Black "Derraugh, Geordie"]
[WhiteFideId "13308130"]
[BlackFideId "2603950"]
[WhiteElo "2271"]
[BlackElo "2116"]
[Result "1-0"]
[Round "08"]
[TimeControl "180+1"]
[Date "2022.02.08"]
[WhiteClock "0:00:52"]
[BlackClock "0:00:02"]

1. d4 Nf6 2. c4 e5 3. dxe5 Ng4 4. Bf4 Nc6 5. Nf3 Bb4+ 6. Nbd2 Qe7 7. e3 Ngxe5 8. Be2 O-O 9. O-O Bxd2 10. Qxd2 d6 11. Nd4 Ng6 12. Bg3 f5 13. b4 Qf6 14. Nb5 f4 15. exf4 Qe7 16. Rfe1 Bf5 17. c5 Qd7 18. cxd6 Rad8 19. Rad1 cxd6 20. Nxd6 Rf6 21. b5 Rxd6 22. bxc6 Rxd2 23. cxd7 R8xd7 24. Rc1 h6 25. h4 Kh7 26. h5 Ne7 27. Bc4 Nc6 28. Re8 Rd8 29. Rce1 Rd1 30. Rxd1 Rxd1+ 31. Kh2 Rd8 32. Re3 Rd2 33. Bh4 Bg4 34. Bf7 g5 35. hxg6+ Kg7 36. Re8 1-0


[Site "https://www.chess.com"]

[Event "Early Titled Tuesday Blitz | February 8 2022"]
[White "Seo, Jung Min"]
[Black "Niemann, Hans Moke"]
[WhiteFideId "1734687"]
[BlackFideId "2093596"]
[WhiteElo "2401"]
[BlackElo "2636"]
[Result "0-1"]
[Round "08"]
[TimeControl "180+1"]
[Date "2022.02.08"]
[WhiteClock "0:00:02"]
[BlackClock "0:00:08"]

1. d4 Nf6 2. c4 e6 3. Nf3 b6 4. g3 Bb7 5. Bg2 Be7 6. O-O O-O 7. Nc3 Ne4 8. Bd2 d6 9. Qc2 Nxc3 10. Bxc3 f5 11. Rad1 Be4 12. Qc1 Nd7 13. Nd2 Bxg2 14. Kxg2 Nf6 15. Qc2 Qd7 16. b3 Rae8 17. e4 f4 18. e5 dxe5 19. dxe5 Qc6+ 20. Kg1 Nd7 21. Qe4 Nb8 22. Qxc6 Nxc6 23. Ne4 Rd8 24. Kg2 a5 25. f3 Bb4 26. Ba1 Be7 27. Bc3 Kf7 28. gxf4 Kg6 29. Kg3 h6 30. a4 Bb4 31. Bb2 Ne7 32. Bc3 Nf5+ 33. Kf2 Be7 34. Ke2 Kf7 35. Rd3 Rxd3 36. Kxd3 Rd8+ 37. Ke2 Bb4 38. Bb2 Nh4 39. Rg1 Be7 40. Bc3 Bb4 41. Bb2 Ng6 42. Bc1 Ne7 43. Ng3 Bc5 44. Rd1 Rxd1 45. Kxd1 Nc6 46. Ne2 Kg6 47. Kc2 Nb4+ 48. Kc3 Kh5 49. Ng3+ Kg6 50. Ne2 Bf2 51. Bd2 Na6 52. Nd4 Bxd4+ 53. Kxd4 Kf5 54. Be3 Nc5 55. Kc3 Na6 56. Kd4 c5+ 57. Kc3 Nb8 58. Bd2 Nd7 59. Kd3 Nf8 60. Ke3 Ng6 61. Be1 Nxf4 62. Bg3 Ng6 63. f4 Kg4 64. Ke4 Ne7 65. Bf2 Nf5 66. Bg1 Kh3 67. Kf3 Nh4+ 68. Ke4 Kg2 69. Bxc5 bxc5 70. b4 cxb4 71. c5 Nf5 72. c6 Ne7 73. c7 Kf2 0-1


[Site "https://www.chess.com"]

[Event "Early Titled Tuesday Blitz | February 8 2022"]
[White "Shton, Roman"]
[Black "Dzhaparov, Medet"]
[WhiteFideId "14137461"]
[BlackFideId "13803689"]
[WhiteElo "2038"]
[BlackElo "1702"]
[Result "1-0"]
[Round "08"]
[TimeControl "180+1"]
[Date "2022.02.08"]
[WhiteClock "0:01:10"]
[BlackClock "0:01:50"]

1. d4 Nf6 2. Nf3 g6 3. c4 d5 4. Nc3 Bg7 5. cxd5 Nxd5 6. e4 Nxc3 7. bxc3 c5 8. Be2 Nc6 9. Be3 O-O 10. O-O Bg4 11. d5 Ne5 12. Nxe5 Bxe2 13. Nxf7 Bxd1 14. Nxd8 Be2 15. Ne6 Bxf1 16. Nxf8 Bxc3 17. Rxf1 Rxf8 18. Bxc5 Rf4 19. f3 Kf8 20. Bxa7 Rf6 21. Rc1 Be5 22. Rc2 Ra6 23. Be3 b5 24. g3 Ra3 25. Kf2 b4 26. f4 Bc3 27. Bd2 Bd4+ 28. Kg2 b3 29. axb3 Rxb3 30. e5 Rd3 31. Rc8+ Kf7 32. Bb4 Rb3 33. Rc4 Rb2+ 34. Kf3 Bb6 35. e6+ Kf6 36. Bc3+ 1-0


[Site "https://www.chess.com"]

[Event "Early Titled Tuesday Blitz | February 8 2022"]
[White "Shuvalov, Evgenij"]
[Black "Wahedi, Ahmad Siar"]
[WhiteFideId "4187237"]
[BlackFideId "4651260"]
[WhiteElo "2119"]
[BlackElo "2379"]
[Result "1-0"]
[Round "08"]
[TimeControl "180+1"]
[Date "2022.02.08"]
[WhiteClock "0:01:29"]
[BlackClock "0:01:17"]

1. Nf3 Nf6 2. c4 g6 3. d4 Bg7 4. Nc3 O-O 5. e4 d6 6. Be2 Nbd7 7. O-O e5 8. Be3 Qe7 9. Qc2 Re8 10. d5 c5 11. Ne1 Kh8 12. Nd3 Ng8 13. f3 Bh6 14. Bf2 f5 15. a3 Rf8 16. b4 b6 17. Nb5 Ndf6 18. bxc5 bxc5 19. Nxd6 Qxd6 20. Bxc5 Qd8 21. Nxe5 Qc7 22. Bd4 Bf4 23. Qc3 fxe4 24. fxe4 Nxe4 25. Nxg6# 1-0


[Site "https://www.chess.com"]

[Event "Early Titled Tuesday Blitz | February 8 2022"]
[White "Silich, Yahor"]
[Black "Sarkar, Justin"]
[WhiteFideId "13513656"]
[BlackFideId "2010011"]
[WhiteElo "2101"]
[BlackElo "2038"]
[Result "1-0"]
[Round "08"]
[TimeControl "180+1"]
[Date "2022.02.08"]
[WhiteClock "0:01:37"]
[BlackClock "0:00:02"]

1. e4 c5 2. Nf3 Nc6 3. Bb5 a6 4. Bxc6 bxc6 5. O-O d5 6. d3 Nf6 7. e5 Ng8 8. Nc3 Bg4 9. Na4 e6 10. b3 Ne7 11. Ba3 Ng6 12. Re1 Nh4 13. Bc1 Bxf3 14. gxf3 Be7 15. Bf4 O-O 16. c4 f6 17. Bg3 fxe5 18. Bxh4 Bxh4 19. Nxc5 Qg5+ 20. Kh1 Bxf2 21. Nxe6 Qf5 22. Nxf8 Bxe1 23. Qxe1 Qxf3+ 24. Kg1 Qg4+ 25. Qg3 Qd4+ 26. Kg2 Qxa1 27. Ne6 Qb2+ 28. Kh3 g6 29. d4 exd4 30. Qe5 Qc3+ 31. Kg4 Kf7 32. Ng5+ Kf8 33. Qf6+ Ke8 34. Qf7+ Kd8 35. Ne6+ Kc8 36. Qc7# 1-0


[Site "https://www.chess.com"]

[Event "Early Titled Tuesday Blitz | February 8 2022"]
[White "Sliwicki, Damian"]
[Black "Osmak, Yuliia"]
[WhiteFideId "1127128"]
[BlackFideId "14101602"]
[WhiteElo "2084"]
[BlackElo "2302"]
[Result "0-1"]
[Round "08"]
[TimeControl "180+1"]
[Date "2022.02.08"]
[WhiteClock "0:01:32"]
[BlackClock "0:01:30"]

1. e4 d6 2. d4 Nf6 3. Nc3 c6 4. Nf3 Bg4 5. Be2 e6 6. h3 Bxf3 7. Bxf3 d5 8. Bg5 Be7 9. Bxf6 Bxf6 10. e5 Be7 11. Qd3 c5 12. dxc5 Nc6 13. O-O Nxe5 14. Qb5+ Qd7 15. Qxd7+ Kxd7 16. Be2 Bxc5 17. Rad1 a6 18. Nxd5 Kc6 19. Nc3 Rad8 20. Kh2 Rxd1 21. Bxd1 Rd8 22. Ne4 Be7 23. Bf3 Nxf3+ 24. gxf3 f5 25. Ng3 Rd2 26. Nh5 g6 27. Nf4 Bd6 28. Kg3 g5 0-1


[Site "https://www.chess.com"]

[Event "Early Titled Tuesday Blitz | February 8 2022"]
[White "Sovetbekova, Nurai"]
[Black "Quirke, Jeffrey"]
[WhiteFideId "13801910"]
[BlackFideId "2013029"]
[WhiteElo "1545"]
[BlackElo "2259"]
[Result "0-1"]
[Round "08"]
[TimeControl "180+1"]
[Date "2022.02.08"]
[WhiteClock "0:00:08"]
[BlackClock "0:00:21"]

1. d4 d5 2. c4 e6 3. Nf3 Nf6 4. g3 Bb4+ 5. Bd2 a5 6. Bg2 O-O 7. O-O dxc4 8. Qc2 Bxd2 9. Nbxd2 b5 10. a4 c6 11. b3 cxb3 12. Nxb3 b4 13. Ne5 Nd5 14. Nxc6 Nxc6 15. Qxc6 Ra6 16. Qc4 Nc3 17. e3 Rd6 18. Nc5 Qb6 19. Ne4 Ba6 20. Qc5 Nxe4 21. Bxe4 Bxf1 22. Rxf1 Rb8 23. Qh5 g6 24. Qe2 b3 25. Rb1 b2 26. Qc2 Rdd8 27. Qd2 Rdc8 28. Bc2 Qb4 29. Qd1 Qc3 30. Bd3 Qc1 31. Kg2 Qxd1 32. Rxd1 Rc1 33. Rd2 b1=Q 34. Bxb1 Rbxb1 0-1


[Site "https://www.chess.com"]

[Event "Early Titled Tuesday Blitz | February 8 2022"]
[White "Srebrnic, Marko"]
[Black "Rostovtsev, Dmitry"]
[WhiteFideId "14603616"]
[BlackFideId "34278320"]
[WhiteElo "2340"]
[BlackElo "2218"]
[Result "0-1"]
[Round "08"]
[TimeControl "180+1"]
[Date "2022.02.08"]
[WhiteClock "0:00:02"]
[BlackClock "0:00:03"]

1. e4 g6 2. d4 Bg7 3. Nc3 d6 4. Be3 Nf6 5. f3 a6 6. a4 O-O 7. Qd2 e5 8. h4 exd4 9. Bxd4 Nc6 10. Be3 h5 11. Nh3 Bxh3 12. Rxh3 Re8 13. Bc4 Ne5 14. Bb3 c6 15. O-O-O b5 16. Qxd6 Qa5 17. Bc5 bxa4 18. Bb4 Qb6 19. Nxa4 Qe3+ 20. Bd2 Qf2 21. f4 Nxe4 22. Qc7 Ng4 23. Bxf7+ Kh7 24. Bxe8 Rxe8 25. Rd3 Qxh4 26. f5 gxf5 27. Rd7 Qf6 28. Bf4 Kg8 29. Rh1 h4 30. Rhd1 Nef2 31. Rf1 Bf8 32. Rh7 Bg7 33. Rh5 Ne4 34. c3 Qe6 35. Nb6 Re7 36. Qc8+ Kf7 37. Qxe6+ Kxe6 38. Nc4 Bf6 39. Ne3 Nxe3 40. Bxe3 Rg7 41. Rhxf5 Rxg2 42. R5f4 Kd5 43. Rf5+ Ke6 44. R1f4 h3 45. Rxe4+ Kxf5 46. Rf4+ Ke6 47. Re4+ Kd5 48. Rf4 h2 49. c4+ Ke6 50. Re4+ Be5 51. Bf4 h1=Q+ 0-1


[Site "https://www.chess.com"]

[Event "Early Titled Tuesday Blitz | February 8 2022"]
[White "Srihari L R"]
[Black "Sadhwani, Raunak"]
[WhiteFideId "46617116"]
[BlackFideId "35093487"]
[WhiteElo "2121"]
[BlackElo "2616"]
[Result "0-1"]
[Round "08"]
[TimeControl "180+1"]
[Date "2022.02.08"]
[WhiteClock "0:00:02"]
[BlackClock "0:00:23"]

1. d4 Nf6 2. c4 g6 3. Nc3 Bg7 4. g3 O-O 5. Bg2 d6 6. Nf3 Nbd7 7. O-O e5 8. e4 Re8 9. Re1 exd4 10. Nxd4 Nc5 11. h3 a5 12. Bg5 h6 13. Bf4 Bd7 14. Qc2 Qc8 15. Kh2 h5 16. Rad1 a4 17. b4 axb3 18. axb3 Ne6 19. Nxe6 Bxe6 20. Nd5 Nd7 21. Bg5 Kh7 22. Be3 Nc5 23. f4 Ra3 24. Rb1 Bxd5 25. cxd5 Qa8 26. Bxc5 Ra2 27. Qc4 dxc5 28. Re2 Bd4 29. b4 Rxe2 30. Qxe2 b6 31. bxc5 Bxc5 32. e5 Qa3 33. Rd1 Qb4 34. Rd3 h4 35. Qg4 hxg3+ 36. Rxg3 Bf2 37. Rd3 Qe1 38. Rd1 Qe3 39. Qf3 Kg7 40. Qxe3 Bxe3 41. Kg3 g5 42. fxg5 Rxe5 43. h4 Bc5 44. Bf3 Bd6 45. Kg2 b5 46. Rh1 b4 47. Rb1 Re3 48. Kf2 Bc5 49. Kg2 b3 50. h5 Bd4 51. Rd1 b2 52. Rb1 Re5 53. g6 fxg6 54. hxg6 Kxg6 55. Kg3 Kg5 56. Kg2 Kf4 57. Rh1 Rg5+ 0-1


[Site "https://www.chess.com"]

[Event "Early Titled Tuesday Blitz | February 8 2022"]
[White "Stanisz, Patryk"]
[Black "Rudykh, Stepan"]
[WhiteFideId "1123106"]
[BlackFideId "4180321"]
[WhiteElo "1876"]
[BlackElo "2132"]
[Result "1/2-1/2"]
[Round "08"]
[TimeControl "180+1"]
[Date "2022.02.08"]
[WhiteClock "0:00:05"]
[BlackClock "0:00:12"]

1. Nf3 e6 2. c4 f5 3. g3 Nf6 4. Bg2 Be7 5. O-O O-O 6. d4 d6 7. Nc3 Ne4 8. Nxe4 fxe4 9. Ne1 d5 10. b3 c5 11. Bb2 Nc6 12. e3 Bf6 13. Nc2 Qb6 14. dxc5 Qxc5 15. Bxf6 Rxf6 16. cxd5 exd5 17. Rc1 Qd6 18. Nd4 Nb4 19. Qd2 Nd3 20. Rc3 a6 21. a4 Bg4 22. h3 Bh5 23. Qc2 Qd7 24. Rc7 Qe8 25. Rxb7 Qf8 26. g4 Rc8 27. Rc7 Rxc7 28. Qxc7 Rxf2 29. Rxf2 Qxf2+ 30. Kh2 Qxe3 31. Qc8+ Kf7 32. Qe6+ Kf8 33. Nf5 Qf4+ 34. Kg1 Qf2+ 35. Kh2 Qf4+ 36. Kh1 Qc1+ 37. Kh2 Qf4+ 1/2-1/2


[Site "https://www.chess.com"]

[Event "Early Titled Tuesday Blitz | February 8 2022"]
[White "Stefanov, Plamen"]
[Black "Alves Campelo, Danilo Cesar De L"]
[WhiteFideId "2900980"]
[BlackFideId "2123657"]
[WhiteElo "2137"]
[BlackElo "1994"]
[Result "1-0"]
[Round "08"]
[TimeControl "180+1"]
[Date "2022.02.08"]
[WhiteClock "0:01:23"]
[BlackClock "0:00:20"]

1. e4 e6 2. d4 d5 3. Nc3 Nf6 4. e5 Nfd7 5. f4 c5 6. Be3 Nc6 7. Nf3 Qb6 8. Qd2 cxd4 9. Nxd4 Qxb2 10. Rb1 Qa3 11. Ndb5 Qa5 12. Nxd5 exd5 13. Qxa5 Nxa5 14. Nc7+ Kd8 15. Nxa8 b6 16. Bb5 Bb7 17. Bxd7 Kxd7 18. Nxb6+ axb6 19. Bxb6 Nc4 20. Bd4 Ba6 21. Kf2 Ba3 22. Rhd1 Kc6 23. Rb3 Bc5 24. c3 Bb5 25. Rdb1 Rb8 26. a4 Bxa4 27. Rxb8 1-0


[Site "https://www.chess.com"]

[Event "Early Titled Tuesday Blitz | February 8 2022"]
[White "Sychev, Klementy"]
[Black "Beerdsen, Thomas"]
[WhiteFideId "4114060"]
[BlackFideId "1030108"]
[WhiteElo "2564"]
[BlackElo "2585"]
[Result "0-1"]
[Round "08"]
[TimeControl "180+1"]
[Date "2022.02.08"]
[WhiteClock "0:00:02"]
[BlackClock "0:00:29"]

1. d4 d5 2. c4 Nc6 3. cxd5 Qxd5 4. e3 e5 5. Nc3 Bb4 6. a3 Bxc3+ 7. bxc3 Qd6 8. a4 Qg6 9. Nf3 exd4 10. cxd4 Nge7 11. Ba3 O-O 12. Bd3 Qxg2 13. Rg1 Qh3 14. d5 Rd8 15. dxc6 Bf5 16. Nd4 Bxd3 17. Qxd3 Nxc6 18. Qf5 Qxh2 19. Qg5 g6 20. Nf5 Rd5 21. Nh6+ Kg7 22. Bb2+ Ne5 23. Nf5+ Kg8 24. Nh6+ Kg7 25. Bxe5+ Rxe5 26. Qf6+ Kxh6 27. Rg4 Rh5 28. Ke2 Qe5 29. Qxe5 Rxe5 30. Rh1+ Kg7 0-1


[Site "https://www.chess.com"]

[Event "Early Titled Tuesday Blitz | February 8 2022"]
[White "Tarasova, Viktoriya"]
[Black "Minina, Veronika"]
[WhiteFideId "4175840"]
[BlackFideId "4174780"]
[WhiteElo "2182"]
[BlackElo "1850"]
[Result "1-0"]
[Round "08"]
[TimeControl "180+1"]
[Date "2022.02.08"]
[WhiteClock "0:02:02"]
[BlackClock "0:01:25"]

1. d4 Nf6 2. c4 g6 3. Nc3 Bg7 4. e4 d6 5. h3 O-O 6. Be3 c5 7. d5 e6 8. Bd3 exd5 9. exd5 Na6 10. a3 Nc7 11. a4 b6 12. Nf3 a6 13. O-O Bb7 14. Qd2 b5 15. axb5 axb5 16. Rxa8 Bxa8 17. b3 bxc4 18. bxc4 Re8 19. Ra1 Qb8 20. Bf4 Qb6 21. Rb1 Qa5 22. Nb5 Nxb5 23. Qxa5 1-0


[Site "https://www.chess.com"]

[Event "Early Titled Tuesday Blitz | February 8 2022"]
[White "Terletsky, Oleg"]
[Black "Kiseleva, Arina"]
[WhiteFideId "14116774"]
[BlackFideId "4164989"]
[WhiteElo "2050"]
[BlackElo "1866"]
[Result "1-0"]
[Round "08"]
[TimeControl "180+1"]
[Date "2022.02.08"]
[WhiteClock "0:00:13"]
[BlackClock "0:00:01"]

1. e4 c6 2. d4 d5 3. Nc3 dxe4 4. Nxe4 Nf6 5. Nxf6+ exf6 6. c3 Bd6 7. Bd3 Na6 8. Qc2 Nc7 9. Ne2 Bg4 10. f3 Bh5 11. Nf4 Bg6 12. Bd2 Qe7+ 13. Kf2 O-O 14. Rae1 Qd7 15. Nxg6 hxg6 16. h4 Nd5 17. h5 f5 18. h6 Bf4 19. hxg7 Kxg7 20. c4 Bxd2 21. Qxd2 Nc7 22. d5 cxd5 23. Qh6+ Kf6 24. Qh4+ Kg7 25. Qd4+ f6 26. cxd5 Nxd5 27. Bc4 Rad8 28. Bxd5 Qxd5 29. Re7+ Rf7 30. Rxf7+ Kxf7 31. Rh7+ Kg8 32. Qxd5+ Rxd5 33. Rxb7 a5 34. Ke3 Re5+ 35. Kf4 Re2 36. g4 fxg4 37. Kxg4 Kf8 38. Kf4 Rd2 39. a3 a4 40. Ke4 Rc2 41. Rb4 Re2+ 42. Kd3 Rf2 43. Ke3 Rc2 44. Rxa4 Kf7 45. Rb4 Rg2 46. Rb6 g5 47. a4 Kg6 48. a5 Rg1 49. a6 Ra1 50. b4 Kf5 51. Rb5+ Ke6 52. Ra5 Rb1 53. a7 1-0


[Site "https://www.chess.com"]

[Event "Early Titled Tuesday Blitz | February 8 2022"]
[White "Todorovic, Bojan"]
[Black "Pires, Marcos Vinicius Torsani"]
[WhiteFideId "917087"]
[BlackFideId "2118939"]
[WhiteElo "2266"]
[BlackElo "2273"]
[Result "0-1"]
[Round "08"]
[TimeControl "180+1"]
[Date "2022.02.08"]
[WhiteClock "0:00:01"]
[BlackClock "0:00:09"]

1. Nf3 c6 2. e4 d5 3. Nc3 Bg4 4. h3 Bxf3 5. Qxf3 Nf6 6. Be2 e6 7. O-O Nbd7 8. d3 Bd6 9. g3 O-O 10. Bd2 Re8 11. Qg2 Bb4 12. a3 Ba5 13. b4 Bb6 14. Kh2 dxe4 15. Nxe4 Nxe4 16. Qxe4 Nf6 17. Qc4 Qd5 18. Qxd5 cxd5 19. c4 Bd4 20. Rab1 Rac8 21. Bf3 Red8 22. Bf4 e5 23. Bg5 e4 24. Bg2 dxc4 25. dxc4 Rxc4 26. Rfd1 h6 27. Be3 Bb6 28. Rxd8+ Bxd8 29. Bxa7 Rc3 30. a4 Ra3 31. a5 h5 32. Bd4 h4 33. Bxf6 Bxf6 34. Bxe4 hxg3+ 35. fxg3 Be5 36. Bxb7 Rxg3 37. Kh1 Rxh3+ 38. Kg2 Ra3 39. a6 Bd4 40. b5 g5 41. Rd1 Be3 42. Rd7 Ra5 43. Bc6 Kg7 44. Kf3 Bc5 45. Kg4 Kg6 46. Be4+ Kg7 47. Bd5 Rxb5 48. Rxf7+ Kg6 49. Rd7 Ra5 50. Be4+ Kf6 51. Rc7 Ra4 52. Kf3 Ra3+ 0-1


[Site "https://www.chess.com"]

[Event "Early Titled Tuesday Blitz | February 8 2022"]
[White "Tologon tegin, Semetei"]
[Black "Kopylov, Alexander A."]
[WhiteFideId "13800574"]
[BlackFideId "4164857"]
[WhiteElo "2258"]
[BlackElo "2436"]
[Result "0-1"]
[Round "08"]
[TimeControl "180+1"]
[Date "2022.02.08"]
[WhiteClock "0:00:04"]
[BlackClock "0:00:35"]

1. e4 c6 2. d3 d5 3. Nc3 dxe4 4. Nxe4 Nf6 5. Ng5 h6 6. N5f3 e5 7. Nxe5 Qa5+ 8. c3 Qxe5+ 9. Be2 Bg4 10. d4 Qe6 11. Be3 Nbd7 12. h3 Bxe2 13. Nxe2 Nd5 14. Bd2 O-O-O 15. O-O N7f6 16. c4 Nb6 17. d5 cxd5 18. cxd5 Nfxd5 19. Bf4 Bd6 20. Nd4 Qf6 21. Bxd6 Qxd6 22. Nb5 Qb4 23. a4 a6 24. Qf3 Qf4 25. Qa3 Kb8 26. a5 Nc4 27. Qc5 axb5 28. a6 Qc7 29. Qxb5 Qc6 30. Qb3 Nd2 31. Qg3+ Qc7 32. Qg4 Nxf1 33. axb7 Qh2+ 34. Kxf1 Qh1+ 35. Ke2 Rhe8+ 36. Kf3 Qxa1 37. Qg3+ Kxb7 38. Qxg7 Qd1+ 39. Kg3 Rg8 40. Kh2 Rxg7 0-1


[Site "https://www.chess.com"]

[Event "Early Titled Tuesday Blitz | February 8 2022"]
[White "Toncheva, Nadya"]
[Black "Zarnicki, Pablo"]
[WhiteFideId "2924056"]
[BlackFideId "100137"]
[WhiteElo "1920"]
[BlackElo "2467"]
[Result "0-1"]
[Round "08"]
[TimeControl "180+1"]
[Date "2022.02.08"]
[WhiteClock "0:00:02"]
[BlackClock "0:00:13"]

1. e4 c5 2. Nf3 d6 3. c3 Nf6 4. Bd3 Nc6 5. O-O Bg4 6. h3 Bh5 7. Re1 e6 8. Bf1 Be7 9. d4 cxd4 10. cxd4 d5 11. e5 Ne4 12. Bd3 Nxd4 13. Bxe4 dxe4 14. Qxd4 exf3 15. Qa4+ Qd7 16. Qxd7+ Kxd7 17. g4 Bg6 18. Nd2 h5 19. Nxf3 hxg4 20. hxg4 Rh3 21. Kg2 Rah8 22. Bf4 Kc7 23. Rac1+ Kb8 24. Bg3 Bd3 25. Red1 Bb5 26. Nd4 Be8 27. Rc3 Bb4 28. Rc4 Ba5 29. Rdc1 a6 30. Rc8+ Ka7 31. Bf4 Bb6 32. Be3 Rh2+ 33. Kf3 R8h3+ 34. Ke4 f5+ 35. gxf5 Rh4+ 36. Kd3 Bd7 37. R8c3 R2h3 38. Ne2 Bb5+ 39. Kd2 Bxe3+ 40. fxe3 Rh2 41. Re1 exf5 42. b3 Rg2 43. a4 Bc6 44. Kd3 Be4+ 45. Kd2 Rhh2 46. Rc7 Bf3 47. Kc3 Rxe2 48. Rg1 Rxe3+ 49. Kb4 Re4+ 50. Ka3 Bg4 51. Rgc1 Ree2 52. Rxg7 a5 53. Ra1 Rh3 54. Rc7 Ree3 55. Rb1 Rxe5 56. Rd7 f4 57. Rd4 Bf5 58. Rxf4 Bxb1 59. Rf7 Ree3 0-1


[Site "https://www.chess.com"]

[Event "Early Titled Tuesday Blitz | February 8 2022"]
[White "Tregubov, Pavel V."]
[Black "Dilmukhametov, Artur"]
[WhiteFideId "4115341"]
[BlackFideId "24179922"]
[WhiteElo "2341"]
[BlackElo "2266"]
[Result "0-1"]
[Round "08"]
[TimeControl "180+1"]
[Date "2022.02.08"]
[WhiteClock "0:00:09"]
[BlackClock "0:00:04"]

1. e4 c5 2. Nf3 Nc6 3. c3 d6 4. d4 Nf6 5. Bd3 e5 6. O-O g6 7. Nbd2 Bg7 8. dxe5 dxe5 9. Nc4 Qc7 10. Bg5 O-O 11. Ne3 Be6 12. Qe2 h6 13. Bxf6 Bxf6 14. Nd5 Bxd5 15. exd5 Ne7 16. c4 Nc8 17. h4 h5 18. Nd2 Nd6 19. g4 hxg4 20. Qxg4 e4 21. Nxe4 Nxe4 22. Bxe4 Rfe8 23. Rae1 Re5 24. f4 Rh5 25. Bxg6 Rxh4 26. Bxf7+ Kxf7 27. Qe6+ Kg7 28. Re2 Qf7 29. Rg2+ Kf8 30. f5 Bd4+ 31. Rff2 Bxf2+ 32. Kxf2 Rf4+ 33. Ke3 Rxf5 34. Qd6+ Qe7+ 35. Qxe7+ Kxe7 36. Ke4 Rf7 37. Rg6 Kd7 38. Kd3 Rh8 39. a3 Rh3+ 40. Kc2 Rf2+ 41. Kb1 Rhh2 42. Rg7+ Kd6 43. Rxb7 a5 44. a4 Rd2 45. Ka2 Rc2 46. Rb5 Rxc4 47. Rxa5 Rb4 48. Ka3 Rhxb2 49. Ra6+ Kxd5 50. a5 R4b3+ 51. Ka4 Rb4+ 52. Ka3 Rb1 53. Ra8 Ra1# 0-1


[Site "https://www.chess.com"]

[Event "Early Titled Tuesday Blitz | February 8 2022"]
[White "Turzo, Attila"]
[Black "Kazarian, Anna-Maja"]
[WhiteFideId "704954"]
[BlackFideId "1033689"]
[WhiteElo "2474"]
[BlackElo "2004"]
[Result "1-0"]
[Round "08"]
[TimeControl "180+1"]
[Date "2022.02.08"]
[WhiteClock "0:00:39"]
[BlackClock "0:00:02"]

1. d4 d5 2. c4 e6 3. Nf3 Nf6 4. Nc3 Be7 5. Bf4 O-O 6. e3 c6 7. c5 a5 8. a3 b6 9. b4 b5 10. Bd3 Nbd7 11. h3 Re8 12. O-O Nf8 13. e4 dxe4 14. Nxe4 Nd5 15. Bd2 axb4 16. axb4 Rxa1 17. Qxa1 Qc7 18. Re1 Ng6 19. g3 Bb7 20. h4 Ra8 21. Qb2 Nf8 22. Ne5 f6 23. Nf3 Bc8 24. Kg2 Bd7 25. Ra1 Rxa1 26. Qxa1 Be8 27. Qa8 Bg6 28. Kg1 Kf7 29. Kg2 h6 30. Ne1 Nd7 31. f3 f5 32. Nf2 e5 33. Nc2 exd4 34. Nxd4 Ne5 35. Bxf5 Bxf5 36. Nxf5 Nc4 37. Qa2 Qe5 38. Nxe7 Kxe7 39. Ne4 Nde3+ 40. Bxe3 Nxe3+ 41. Kf2 Nd1+ 42. Ke1 Nc3 43. Qb2 1-0


[Site "https://www.chess.com"]

[Event "Early Titled Tuesday Blitz | February 8 2022"]
[White "Vaishali, Rameshbabu"]
[Black "Pesotskiy, Mikhail"]
[WhiteFideId "5091756"]
[BlackFideId "34164453"]
[WhiteElo "2343"]
[BlackElo "2010"]
[Result "1-0"]
[Round "08"]
[TimeControl "180+1"]
[Date "2022.02.08"]
[WhiteClock "0:02:09"]
[BlackClock "0:01:59"]

1. d4 Nf6 2. c4 e6 3. Nc3 Bb4 4. a3 Bxc3+ 5. bxc3 O-O 6. e3 b6 7. Bd3 Bb7 8. f3 d6 9. Ne2 e5 10. e4 c5 11. d5 Nh5 12. g4 Qh4+ 13. Kf1 Qh3+ 14. Kf2 Nf6 15. Bg5 Nbd7 16. Ng1 1-0


[Site "https://www.chess.com"]

[Event "Early Titled Tuesday Blitz | February 8 2022"]
[White "Varney, Zoe"]
[Black "De Souza, Cristiano Gomes"]
[WhiteFideId "436135"]
[BlackFideId "2151758"]
[WhiteElo "1808"]
[BlackElo "2068"]
[Result "0-1"]
[Round "08"]
[TimeControl "180+1"]
[Date "2022.02.08"]
[WhiteClock "0:00:12"]
[BlackClock "0:01:51"]

1. e4 c5 2. Nf3 d6 3. d4 cxd4 4. Nxd4 Nf6 5. Nc3 a6 6. Be3 e5 7. Nb3 Be6 8. f3 d5 9. exd5 Nxd5 10. Nxd5 Bxd5 11. Qd2 Nc6 12. O-O-O Bxb3 13. axb3 Qxd2+ 14. Rxd2 Bb4 15. c3 Be7 16. Bc4 f5 17. Rhd1 f4 18. Bf2 Rd8 19. Bb6 Rxd2 20. Rxd2 g5 21. Be6 h5 22. Rd7 Rh6 23. Bh3 g4 24. fxg4 Kxd7 25. g5+ Re6 26. g6 Bf6 27. g3 fxg3 28. hxg3 Kd6 29. Bxe6 Kxe6 30. Kd1 Kf5 31. Ke2 Kxg6 32. b4 Kf5 33. Bc5 Kg4 34. Kf2 Nd8 35. c4 Ne6 36. Be3 Ng5 37. b5 Ne4+ 38. Kg2 Nxg3 39. bxa6 bxa6 40. c5 Kf5 41. c6 Bd8 42. Kxg3 Bc7 43. b4 Ke4 44. Bg5 Kd5 45. Be7 Kxc6 46. Kh4 Kb5 47. Kxh5 e4 48. Kg4 e3 49. Kf3 Bb6 50. Ke2 Kc4 51. Bd6 Bd4 52. Be7 Bc3 53. Bd6 Bxb4 54. Bxb4 Kxb4 55. Kxe3 Kb3 56. Kd2 Kb2 57. Kd3 a5 58. Kc4 a4 59. Kb4 a3 0-1


[Site "https://www.chess.com"]

[Event "Early Titled Tuesday Blitz | February 8 2022"]
[White "Viani Antonio Dcunha"]
[Black "Rustemov, Alexander"]
[WhiteFideId "5027330"]
[BlackFideId "4119002"]
[WhiteElo "2366"]
[BlackElo "2826"]
[Result "0-1"]
[Round "08"]
[TimeControl "180+1"]
[Date "2022.02.08"]
[WhiteClock "0:00:42"]
[BlackClock "0:02:39"]

1. e4 e6 2. d4 d5 3. Nc3 dxe4 4. Nxe4 Bd7 5. Nf3 Bc6 6. Bd3 Nd7 7. O-O Ngf6 8. Qe2 Be7 9. Bf4 Nxe4 10. Bxe4 Bxe4 11. Qxe4 c6 12. c4 O-O 13. Rad1 Re8 14. Rfe1 Qa5 15. a3 Rad8 16. h4 Qh5 17. g3 Nf8 18. Ne5 Bf6 0-1


[Site "https://www.chess.com"]

[Event "Early Titled Tuesday Blitz | February 8 2022"]
[White "Vifleemskaia, Svetlana"]
[Black "Shkapenko, Pavel"]
[WhiteFideId "4129490"]
[BlackFideId "4151933"]
[WhiteElo "1901"]
[BlackElo "2386"]
[Result "0-1"]
[Round "08"]
[TimeControl "180+1"]
[Date "2022.02.08"]
[WhiteClock "0:00:01"]
[BlackClock "0:00:21"]

1. d4 Nf6 2. c4 e6 3. Nc3 Bb4 4. e3 c5 5. Ne2 cxd4 6. exd4 O-O 7. a3 Be7 8. d5 exd5 9. cxd5 Bc5 10. b4 Bb6 11. h3 Re8 12. Bd2 d6 13. Qc2 Nbd7 14. Kd1 Bxf2 15. Bf4 Ne5 16. Ng3 Bd4 17. Nge2 Ng6 18. Bg5 Be5 19. h4 h6 20. h5 Nf8 21. Bd2 Ng4 22. Kc1 Nf2 23. Rg1 Qf6 24. Kb2 Bf5 25. Qb3 Rac8 26. Ka2 Bh2 27. g4 Bxg1 28. gxf5 Bh2 29. Bg2 Qxf5 30. Rf1 Qd3 31. Rxf2 Qxd2+ 32. Qb2 Qxb2+ 33. Kxb2 Be5 34. Kb3 Bxc3 35. Nxc3 Re3 36. Rc2 Nd7 37. Kb2 Ne5 38. Bf1 Nf3 39. Nb5 Rxc2+ 40. Kxc2 Re1 41. Bc4 Re4 42. Bd3 Nd4+ 43. Kd2 Nxb5 44. Bxe4 Nxa3 45. Bd3 a6 46. Ke3 Nb5 47. Kf4 Kf8 48. Bf5 Nc7 0-1


[Site "https://www.chess.com"]